 Dungeon Crawl Stone Soup version 0.26.0-16-gc1dbca0489 (webtiles) character file.

Game seed: 5620652979266038382

966 shakesphere1979 the Thaumaturge (level 7, -1/36 HPs)
             Began as a Deep Elf Ice Elementalist on Jan 17, 2021.
             Was a Follower of Sif Muna.
             Slain by a phantom (7 damage)
             ... on level 6 of the Dungeon.
             The game lasted 00:24:40 (7671 turns).

shakesphere1979 the Thaumaturge (DEIE)              Turns: 7671, Time: 00:24:41

Health: -1/36      AC:  4    Str:  5    XL:     7   Next: 93%
Magic:  20/20      EV: 15    Int: 22    God:    Sif Muna [*.....]
Gold:   379        SH:  0    Dex: 21    Spells: 13/22 levels left

rFire    . . .     SeeInvis .   p - +4 short sword (elec)
rCold    . . .     Faith    +   (no shield)
rNeg     . . .     Spirit   .   a - +1 robe
rPois    .         Reflect  .   D - +0 helmet
rElec    .         Harm     .   (no cloak)
rCorr    .         Rampage  .   (no gloves)
Will     .....                  (no boots)
Stlth    +++.......             o - amulet of faith
HPRegen  0.12/turn              t - +6 ring of dexterity
MPRegen  0.17/turn              (no ring)

@: no status effects
A: no striking features
a: Renounce Religion, Channel Magic


You were on level 6 of the Dungeon.
You worshipped Sif Muna.
Sif Muna was aware of your devotion.
You visited 2 branches of the dungeon, and saw 7 of its levels.

You collected 379 gold pieces.

Inventory:

Hand Weapons
 p - a +4 short sword of electrocution (weapon)
 v - a +0 club
 E - a +0 shortbow
Missiles
 b - 170 stones
 i - 28 sling bullets
 n - 6 atropa-tipped darts (quivered)
 A - 29 bolts
 F - 33 arrows
Armour
 a - a +1 robe (worn)
 l - a +0 buckler
 m - a +2 tower shield
 D - a +0 helmet (worn)
Jewellery
 o - an amulet of faith (around neck)
 t - a +6 ring of dexterity (left hand)
 B - a +4 ring of slaying {unknown}
 G - an uncursed ring of protection from fire {unknown}
Wands
 c - a wand of iceblast (8)
 s - a wand of flame (46)
 x - a wand of acid (8)
Scrolls
 e - 2 scrolls of teleportation
 g - a scroll of amnesia
 h - a scroll of enchant armour
 j - 4 scrolls of identify
 k - 3 scrolls of enchant weapon
 C - a scroll of immolation
Potions
 d - 2 potions of haste
 f - 2 potions of magic
 q - 2 potions of heal wounds
 r - 4 potions of attraction
 u - 4 potions of might
 w - a potion of lignification {unknown}
 z - a potion of degeneration {unknown}
 H - a potion of curing {unknown}


   Skills:
 - Level 4.0 Dodging
 - Level 5.0 Stealth
 - Level 8.0 Spellcasting
 + Level 7.7 Ice Magic


You had 13 spell levels left.
You knew the following spells:

 Your Spells              Type           Power        Failure   Level
a - Freeze                Ice            100%         1%          1
b - Frozen Ramparts       Ice            84%          1%          3
c - Ozocubu's Armour      Ice            42%          1%          3
d - Ensorcelled Hibernat  Hex/Ice        50%          2%          2

Your spell library contained the following spells:

 Spells                   Type           Power        Failure   Level
 Corona                   Hex            8%           8%          1
 Hailstorm                Conj/Ice       25%          16%         4
 Summon Ice Beast         Ice/Summ       25%          16%         4
 Confusing Touch          Hex            8%           22%         3
 Dazzling Flash           Conj/Hex       16%          22%         3
 Tukima's Dance           Hex            8%           22%         3


Dungeon Overview and Level Annotations

Branches:
Dungeon (6/15)             Temple (1/1) D:4

Altars:
Cheibriados
Dithmenos
Elyvilon
Fedhas
Gozag
Hepliaklqana
Kikubaaqudgha
Makhleb
Nemelex Xobeh
Okawaru
Qazlal
Ru
Sif Muna
Trog
Uskayaw
Wu Jian
Xom
Yredelemnul
Zin
The Shining One


Message History

The phantom hits you.
* * * LOW HITPOINT WARNING * * *
You hit the phantom.
The phantom is almost destroyed.
The phantom misses you.
You hit the phantom.
The phantom is almost destroyed.
The phantom hits you!
* * * LOW HITPOINT WARNING * * *
You closely miss the phantom.
The phantom is almost destroyed.
The phantom blinks!
The phantom blinks!
The phantom blinks!
The phantom blinks!
The phantom blinks!
You hit the phantom.
The phantom is almost destroyed.
The phantom hits you!
You die...

.##....#.#..#.###.#.........#
.#######.#....# #.#.........#
.#.......#....# #...........#
.#.#########..# ###.........#
.# ####..## #........... .#
#......# #######..#### .#
#......# #....##..# .#
#......####....##..# ##
#....>.W@.'.....# .#
#####'#####.....# #.# #.....#
#.# #.....# #.# #...W.# #.#
#.^...# #.# #.....# #.#
#.....# ..#


You could see a phantom.

Vanquished Creatures
  2 sky beasts (D:6)
  A centaur (D:5)
  A bullfrog (D:6)
  2 howler monkeys
  3 orc priests
  An orc wizard (D:6)
  Terence (D:2)
  Natasha (thrice) (D:2)
  5 worker ants
  A worker ant zombie (D:6)
  7 adders
  A white imp (D:5)
  2 oozes
  An adder skeleton (D:4)
  2 dart slugs
  3 worms
  8 leopard geckos
  13 orcs
  3 ball pythons
  8 bats
  10 giant cockroaches
  8 goblins
  4 hobgoblins
  13 kobolds
  7 quokkas
  13 frilled lizards
  A jackal skeleton (D:5)
  A quokka skeleton (D:4)
  11 rats
136 creatures vanquished.

Vanquished Creatures (others)
  5 plants (D:3)
5 creatures vanquished.

Grand Total: 141 creatures vanquished

Notes
Turn   | Place    | Note
-------+----------+-------------------------------------------
     0 | D:1      | shakesphere1979 the Deep Elf Ice Elementalist began the
                  | quest for the Orb.
     0 | D:1      | Reached XP level 1. HP: 10/10 MP: 6/6
   189 | D:1      | Reached XP level 2. HP: 12/15 MP: 6/8
   661 | D:1      | Reached XP level 3. HP: 19/19 MP: 8/10
  1638 | D:2      | Noticed Natasha
  1726 | D:2      | Killed Natasha
  1727 | D:2      | Reached XP level 4. HP: 12/24 MP: 7/11
  2208 | D:2      | Noticed Terence
  2216 | D:2      | Learned a level 3 spell: Frozen Ramparts
  2220 | D:2      | Learned a level 3 spell: Ozocubu's Armour
  2228 | D:2      | Killed Terence
  2229 | D:2      | Reached skill level 4 in Spellcasting
  2229 | D:2      | Reached skill level 5 in Ice Magic
  2668 | D:2      | Noticed Natasha
  2670 | D:2      | Killed Natasha
  2671 | D:2      | Reached XP level 5. HP: 18/28 MP: 13/13
  2931 | D:2      | Noticed Natasha
  2947 | D:2      | Killed Natasha
  3795 | D:3      | Reached skill level 5 in Spellcasting
  3795 | D:3      | Reached XP level 6. HP: 32/32 MP: 15/15
  3809 | D:3      | Found a blossoming altar of Fedhas.
  3810 | D:3      | Found a bloodstained altar of Trog.
  3810 | D:3      | Found an opulent altar of Gozag.
  3811 | D:3      | Found a hazy altar of Hepliaklqana.
  4417 | D:4      | Reached skill level 5 in Stealth
  4434 | D:4      | Found a staircase to the Ecumenical Temple.
  4445 | Temple   | Entered the Ecumenical Temple
  4726 | Temple   | Became a worshipper of Sif Muna the Loreminder
  5240 | D:4      | Learned a level 2 spell: Ensorcelled Hibernation
  5538 | D:4      | Found a glowing golden altar of the Shining One.
  5538 | D:4      | Found an ornate altar of the Wu Jian Council.
  5543 | D:4      | Found a faded altar of an unknown god.
  5545 | D:4      | Found a snail-covered altar of Cheibriados.
  5547 | D:4      | Found a faded altar of an unknown god.
  5636 | D:5      | Entered Level 5 of the Dungeon
  5698 | D:5      | Reached skill level 6 in Spellcasting
  5794 | D:5      | Found a shimmering altar of Xom.
  5794 | D:5      | Noticed an angel
  5799 | D:5      | Reached XP level 7. HP: 36/36 MP: 18/18
  5799 | D:5      | Found a glowing silver altar of Zin.
  5906 | D:5      | Reached * piety under Sif Muna
  6745 | D:6      | Reached skill level 7 in Spellcasting
  7449 | D:6      | Reached skill level 8 in Spellcasting
  7671 | D:6      | Slain by a phantom

Illustrated notes

Levels and vault maps discovered:
D:1:      erik_arrival_orb_chamber, layout_basic
D:2:      layout_rooms, dk_vineyard_2, uniq_natasha, uniq_terence
D:3:      layout_loops_cross, chequers_temple_overflow_statue_of_worship,
          minmay_lizard_king
D:4:      minmay_angry_zag, layout_loops_cross,
          chequers_temple_overflow_minitemple, minmay_temple_entry_wispy
D:5:      layout_basic, grunt_temple_overflow_order_and_chaos_1,
          nicolae_overflow_hidden_temple, amcnicky_mini_pool_small
D:6:      layout_basic, serial_shops, shop
Temple:   minmay_temple_curvy_loop

Skill      XL: |  1  2  3  4  5  6  7 |
---------------+----------------------+-----
Stealth        | 3 4 5 |  5.0
Dodging        | 3 4 |  4.0
Spellcasting   | 4 5 6 8 |  8.0
Ice Magic      | 5 6 7 |  7.7

Action                   |  1- 3 |  4- 6 |  7- 9 || total
-------------------------+-------+-------+-------++-------
Melee: Dagger            |    72 |    15 |       ||    87
       Short sword       |       |   134 |    96 ||   230
Throw: Dart              |       |       |     4 ||     4
 Cast: Freeze            |    37 |    25 |     6 ||    68
       Frozen Ramparts   |       |     2 |     1 ||     3
  Use: Scroll            |       |     9 |     5 ||    14
       Potion            |       |       |     2 ||     2
 Stab: Sleeping          |     7 |    18 |     2 ||    27
       Distracted        |       |     2 |       ||     2
Armor: Robe              |    15 |    16 |    14 ||    45
Dodge: Dodged            |    68 |   106 |    59 ||   233
